 Dungeon Crawl Stone Soup version 0.28-a0-664-gc179e30c89 (webtiles) character file.

Game seed: 17504160671822643452

311 mordus the Shield-Bearer (level 6, -9/47 HPs)
             Began as a Formicid Fighter on Oct 15, 2021.
             Killed by divine providence
             ... invoked by an orc priest
              (11 damage)
             ... on level 3 of the Dungeon.
             The game lasted 00:05:57 (2327 turns).

mordus the Shield-Bearer (Formicid Fighter)         Turns: 2327, Time: 00:05:57

Health: -9/47      AC: 10    Str: 22    XL:     6   Next: 70%
Magic:  6/6        EV:  8    Int:  8    God:
Gold:   126        SH:  5    Dex: 10    Spells: 5/5 levels left

rFire   . . .      SeeInvis +   a - +0 flail
rCold   . . .      Faith    .   c - +0 buckler
rNeg    . . .      Spirit   .   i - +0 chain mail
rPois   .          Reflect  .   (helmet unavailable)
rElec   .          Harm     .   (no cloak)
rCorr   .          Rampage  .   (no gloves)
Will    .....                   j - +0 pair of boots
Stlth   ..........              (no amulet)
HPRegen 0.15/turn               (no ring)
MPRegen 0.10/turn               (no ring)

@: no status effects
A: permanent stasis, dig shafts and tunnels, antennae 3, four strong arms
a: Dig, Shaft Self


You were on level 3 of the Dungeon.
You visited 1 branch of the dungeon, and saw 3 of its levels.

You collected 126 gold pieces.

Inventory:

Hand Weapons
 a - a +0 flail (weapon)
Armour
 c - a +0 buckler (worn)
 i - a +0 chain mail (worn)
 j - a +0 pair of boots (worn)
Wands
 k - a wand of flame (24)
Scrolls
 b - a scroll of amnesia {unknown}
 g - a scroll of identify
Potions
 d - a potion of might
 e - a potion of ambrosia
 f - a potion of mutation {unknown}
 h - a potion of curing {unknown}


   Skills:
 - Level 3.2 Fighting
 * Level 4.8 Maces & Flails
 + Level 4.7 Armour
 + Level 5.2 Shields


You had 5 spell levels left.
You didn't know any spells.
Your spell library contained the following spells:

 Spells                   Type           Power      Damage    Failure   Level
 Blade Hands              Tmut           0%         N/A       100%        5
 Irradiate                Conj/Tmut      0%         3d13      100%        5
 Dragon Form              Tmut           0%         N/A       100%        7


Dungeon Overview and Level Annotations

Branches:
Dungeon (3/15)

Altars:

Shops:
D:2 (?*!


Innate Abilities, Weirdness & Mutations

You cannot be hasted, slowed, berserked, paralysed or teleported.
You can dig through walls and to a lower floor.
You have a pair of large antennae on your head. (SInv)
Your four strong arms can wield two-handed weapons with a shield.


Message History

The orc priest is heavily wounded.
You block the orc's attack.
The orc priest hits you with a +0 hand axe.
You hit the orc priest.
The orc priest is almost dead.
You block the orc's attack. The orc hits you with a +0 hand axe.
The orc priest hits you but does no damage.
The orc priest mumbles some strange prayers to Beogh against you.
Beogh smites you!
You are too injured to fight recklessly!
You closely miss the orc priest.
The orc priest is almost dead.
The orc hits you but does no damage. x2; The orc priest barely misses you.
The orc barely misses you.
You hit the orc priest.
The orc priest is almost dead.
The orc closely misses you.
The orc priest mumbles some strange prayers to Beogh against you.
Beogh smites you!
* * * LOW HITPOINT WARNING * * *
The orc hits you but does no damage.
The orc priest miscasts a cantrip.
The orc priest calls upon Beogh to heal the orc priest.
The orc priest is healed somewhat.
The orc hits you with a +0 hand axe.
* * * LOW HITPOINT WARNING * * *
There is a large open door, spattered with blood here.
Items here: )) [ †.
The orc priest calls upon Beogh to heal something.
You extend your mandibles.
You dig through the rock wall.
You dig through the rock wall.
You dig through the rock wall.
You dig through the rock wall.
You retract your mandibles.
The orc priest invokes the aid of Beogh against you.
Beogh smites you!
* * * LOW HITPOINT WARNING * * *
The orc priest calls down the wrath of Beogh upon you.
Beogh smites you!
You die...

##..))......####.<..###
#.#
...≈#........>.÷....#
#.#
...≈#......#.###....#
##.# ..≈≈###......#
#....# #..#
.≈≈###.###.### #...<#
#.## ≈≈###{####.#
#....# ##.# ≈# ##{#...#
#>...####..# # ##..###
#....>)...##
##.#######@...##...#
#.o...oo....[##...#
###############...#
#####


You could see an orc priest and 2 orcs.

Vanquished Creatures
  Sigmund (D:3)
  Jessica (D:3)
  Terence (D:2)
  2 adders (D:2)
  3 gnolls
  A worm (D:2)
  2 dart slugs
  2 orcs
  4 endoplasms (D:1)
  3 giant cockroaches
  3 goblins
  5 hobgoblins
  9 jackals
  4 kobolds
  2 quokkas
  A ball python (D:2)
  2 bats
  4 frilled lizards
50 creatures vanquished.

Vanquished Creatures (others)
  A fungus (D:3)
1 creature vanquished.

Grand Total: 51 creatures vanquished

Notes
Turn   | Place    | Note
-------+----------+-------------------------------------------
     0 | D:1      | mordus the Formicid Fighter began the quest for the Orb.
     0 | D:1      | Reached XP level 1. HP: 18/18 MP: 1/1
   119 | D:1      | Reached XP level 2. HP: 17/24 MP: 2/2
   293 | D:1      | Reached skill level 4 in Shields
   293 | D:1      | Reached XP level 3. HP: 22/29 MP: 3/3
  1065 | D:2      | Reached XP level 4. HP: 35/35 MP: 4/4
  1359 | D:2      | Found Liuchesa's Distillery.
  1390 | D:2      | Found Siythauly's Assorted Antiques.
  1399 | D:2      | Found Qywkoh's Magic Scroll Shop.
  1746 | D:2      | Found Buwaah's Weapon Emporium.
  1767 | D:2      | Reached XP level 5. HP: 40/41 MP: 5/5
  1957 | D:3      | Noticed Terence
  1961 | D:3      | Noticed Sigmund
  1978 | D:2      | Killed Terence
  2178 | D:3      | Killed Sigmund
  2179 | D:3      | Reached skill level 5 in Shields
  2179 | D:3      | Reached XP level 6. HP: 42/47 MP: 6/6
  2240 | D:3      | Noticed Jessica
  2252 | D:3      | Killed Jessica
  2326 | D:3      | HP: 2/47 [orc priest/divine providence (10)]
  2327 | D:3      | Killed from afar by an orc priest

Illustrated notes

Levels and vault maps discovered:
D:1:      lightli_arrival_statue_moat, layout_rooms, hex_large,
          corexii_corridor_pit, chequers_serial_rivers_micro_b, nrook_campfire
D:2:      layout_basic, serial_shops, nicolae_shop_overgrown_old_shop,
          nicolae_shop_temple_entry_statues_fountains, shop,
          nicolae_shop_behind_doors, cheibrodos_gnoll_hut
D:3:      layout_rooms, shapermc_ecumenical_altar_acropolis, serial_shops, shop,
          kennysheep_cross_room, uniq_jessica, uniq_terence, uniq_sigmund

Skill      XL: |  1  2  3  4  5 |
---------------+----------------+-----
Shields        | 4 5 |  5.2
Maces & Flails | 3 4 |  4.8
Armour         | 4 |  4.7
Fighting       | |  3.2

Action                   |  1- 3 |  4- 6 || total
-------------------------+-------+-------++-------
Melee: Flail             |    66 |   134 ||   200
 Abil: Dig               |       |     1 ||     1
  Use: Scroll            |       |     2 ||     2
Armor: Scale mail        |    30 |       ||    30
       Chain mail        |       |    67 ||    67
Dodge: Dodged            |    39 |    52 ||    91
Block: Buckler           |    13 |    39 ||    52

Table legend: (Time is in decaauts)
 A = Elapsed time spent in this place.
 B = Non-inter-level travel time spent in this place.
 C = Inter-level travel time spent in this place.
 D = Time resting spent in this place.
 E = Time spent auto-exploring this place.
 F = Levels seen in this place.
 G = Mean time per level.
                   A        B        C        D        E       F      G
               +--------+--------+--------+--------+--------+-----+--------+
         Total |   2376 |   2341 |     35 |    222 |   1550 |   3 |  792.0 |
       Dungeon |   2376 |   2341 |     35 |    222 |   1550 |   3 |  792.0 |
               +--------+--------+--------+--------+--------+-----+--------+

Top non-repeatable levels by time:
     D:2: 1182 daAuts
     D:1: 965 daAuts
     D:3: 228 daAuts
